 Dungeon Crawl Stone Soup version 0.30-a0-1059-g7dea3e163d (webtiles) character file.

Game seed: 6770715198120724307

186 CryoSword the Poker (level 5, -4/41 HPs)
             Began as a Formicid Fighter on Apr 12, 2023.
             Slain by an orc
             ... wielding a +2 hand axe of electrocution
              (6 damage)
             ... on level 3 of the Dungeon.
             The game lasted 00:02:16 (2131 turns).

CryoSword the Poker (Formicid Fighter)              Turns: 2131, Time: 00:02:16

Health: -4/41      AC:  6    Str: 21    XL:     5   Next: 97%
Magic:  14/14      EV:  9    Int:  9    God:
Gold:   108        SH:  5    Dex: 13    Spells: 4/4 levels left

rFire   . . .      SeeInvis +    q - +0 whip (venom)
rCold   . . .      Faith    .    c - +0 buckler
rNeg    . . .      Spirit   .    b - +0 scale mail
rPois   .          Reflect  .    (helmet unavailable)
rElec   .          Rampage  .    (no cloak)
rCorr   .                        (no gloves)
Will    .....                    (no boots) Stlth
                                 (no amulet)
HPRegen 0.26/turn                i - ring of magical power
MPRegen 0.14/turn                (no ring)

@: no status effects
A: permanent stasis, dig shafts and tunnels, antennae 3, four strong arms
a: Dig, Shaft Self


You were on level 3 of the Dungeon.
You visited 1 branch of the dungeon, and saw 3 of its levels.

You collected 108 gold pieces.

Inventory:

Hand Weapons
 a - a +0 trident
 q - a +0 whip of venom (weapon)
   (You took it off a gnoll on level 3 of the Dungeon)
Missiles
 o - 3 poisoned darts
Armour
 b - a +0 scale mail (worn)
 c - a +0 buckler (worn)
Jewellery
 i - a ring of magical power (left hand)
   (You found it on level 2 of the Dungeon)
Scrolls
 e - a scroll of fog {unknown}
 j - a scroll of butterflies {unknown}
 l - 2 scrolls of teleportation {unknown}
 p - a scroll of fear {unknown}
Potions
 d - 2 potions of might
 f - a potion of mutation {unknown}
 g - a potion of degeneration {unknown}
 h - a potion of curing {@q1}
 k - a potion of lignification {unknown}
 m - a potion of ambrosia {unknown}
 n - a potion of attraction {unknown}


   Skills:
 - Level 3.2 Fighting
 * Level 4.9 Polearms
 - Level 3.2 Armour
 - Level 4.0 Shields
 + Level 2.4 Necromancy


You had 4 spell levels left.
You didn't know any spells.
Your spell library was empty.

Dungeon Overview and Level Annotations

Branches:
Dungeon (3/15)

Altars:


Innate Abilities, Weirdness & Mutations

You cannot be hasted, slowed, berserked, paralysed or teleported.
You can dig through walls and to a lower floor.
You have a pair of large antennae on your head. (SInv)
Your four strong arms can wield two-handed weapons with a shield.


Message History

a gnoll corpse Your +0 whip of venom begins to drip with poison!
q - a +0 whip of venom (weapon)
You sense a monster nearby. 3 gnolls come into view.
The gnoll shouts! x3
The gnoll barely misses you. The gnoll closely misses you.
You hit the gnoll.
The gnoll is poisoned.
The gnoll hits you but does no damage. You block the gnoll's attack.
You hit the gnoll. You block the gnoll's attack. The gnoll barely misses you.
You hit the gnoll but do no damage.
The gnoll looks as sick as possible!
You block the gnoll's attack.
The gnoll hits you from afar with a +0 spear.
You block the gnoll's attack.
The gnoll hits you from afar with a +0 spear.
You hit the gnoll but do no damage.
You kill the gnoll!
You block the gnoll's attack. The gnoll hits you but does no damage.
Things that are here:
a +0 spear; a gnoll corpse You barely miss the gnoll.
The gnoll hits you but does no damage.
You hit the gnoll.
The gnoll is poisoned.
The gnoll barely misses you.
You hit the gnoll.
The gnoll looks as sick as possible!
You kill the gnoll!
Your Necromancy skill increases to level 2!
You hit the gnoll but do no damage.
The gnoll is poisoned.
The gnoll hits you with a +0 flail.
You barely miss the gnoll. The gnoll hits you but does no damage.
You hit the gnoll.
The gnoll looks as sick as possible!
The gnoll closely misses you.
You hit the gnoll.
You kill the gnoll!
No target in view!
No target in view!
No target in view!
No target in view!
No target in view!
Items here: )) ††.
You sense a monster nearby.
You see here a +0 helmet.
You see here a +0 hand axe.
An endoplasm comes into view.
The endoplasm quivers.
An endoplasm is nearby!
An endoplasm is nearby!
The endoplasm barely misses you.
You barely miss the endoplasm. The endoplasm closely misses you.
The endoplasm freezes you.
You are frozen.
You hit the endoplasm.
You kill the endoplasm!
No target in view!
Found a stone staircase leading down.
There is a stone staircase leading down here.
There is a stone staircase leading down here.
You sense a monster nearby.
An orc wizard comes into view. It is wielding a +0 dagger.
The orc wizard shouts!
You hear a shout!
An orc wizard is nearby!
An orc wizard is nearby!
You see here 15 gold pieces.
An orc priest comes into view. It is wielding a +0 dagger.
The orc priest shouts!
You hear a shout!
An orc comes into view. It is wielding a +0 mace.
The orc shouts!
You hear a shout!
The orc wizard casts a spell at you. You resist with some effort.
An orc comes into view.
It is wielding a +2 hand axe of electrocution.
You barely miss the orc wizard. The orc wizard barely misses you.
You closely miss the orc wizard.
An orc comes into view. It is wielding a +0 trident.
The orc wizard hits you but does no damage.
You barely miss the orc wizard.
The orc priest mumbles some strange prayers to Beogh against you.
Beogh smites you! You block the orc wizard's attack.
You closely miss the orc wizard.
The orc wizard hits you with a +0 dagger.
You are too injured to fight recklessly!
You are too injured to fight recklessly!
You are too injured to fight recklessly!
You are too injured to fight recklessly!
Unknown command.
You hit the orc wizard but do no damage.
The orc wizard is poisoned.
The orc wizard hits you but does no damage.
You barely miss the orc. You hit the orc.
The orc is poisoned.
The orc hits you but does no damage.
You barely miss the orc. The orc barely misses you.
The orc priest calls upon Beogh to heal the orc wizard.
The orc wizard's wounds heal themselves!
You hear a shout!
You closely miss the orc. The orc hits you with a +0 mace.
A goblin comes into view. It is wielding a +0 club.
You barely miss the orc. The orc barely misses you.
You hit the orc.
You kill the orc!
You hit the orc wizard but do no damage.
The orc wizard hits you but does no damage.
You closely miss the orc wizard. The orc wizard casts a spell at you.
You are confused.
You bump into the rock wall.
The orc wizard hits you but does no damage.
You bump into the rock wall.
The orc priest casts a cantrip, but nothing happens.
The orc wizard hits you but does no damage.
You bump into the rock wall.
The orc wizard barely misses you.
You miss the orc wizard.
The orc wizard hits you with a +0 dagger. x2
You closely miss the orc wizard.
The orc wizard looks more healthy.
The orc priest calls upon Beogh to heal the orc wizard.
The orc wizard's wounds heal themselves!
The orc wizard hits you with a +0 dagger.
You hit the orc wizard.
The orc wizard is poisoned.
You feel less confused.
The orc wizard hits you but does no damage.
You hit the orc wizard.
The orc wizard looks as sick as possible!
You block the orc wizard's attack.
You closely miss the orc wizard.
You kill the orc wizard!
The orc priest casts a cantrip, but nothing happens.
The orc priest hits you with a +0 dagger.
* * * LOW HITPOINT WARNING * * *
Things that are here:
a +0 dagger; a +0 robe; a +0 mace You barely miss the orc priest.
You block the orc priest's attack.
You closely miss the orc priest.
The orc priest hits you but does no damage.
You hit the orc priest.
The orc priest is poisoned.
The orc priest hits you with a +0 dagger.
* * * LOW HITPOINT WARNING * * *
The orc priest invokes the aid of Beogh against you.
Beogh smites you!
* * * LOW HITPOINT WARNING * * *
You hit the orc priest.
The orc priest looks as sick as possible!
You kill the orc priest!
You barely miss the orc. The orc closely misses you.
The orc hits you from afar with a +0 trident.
* * * LOW HITPOINT WARNING * * *
You closely miss the orc. The orc closely misses you.
The orc hits you but does no damage.
You hit the orc. You block the orc's attack.
The orc hits you from afar with a +0 trident.
* * * LOW HITPOINT WARNING * * *
You hit the orc.
The orc is poisoned.
The orc hits you with a +2 hand axe of electrocution.
You die...

#.# #.# #.# ##.## ... {
#.#
###.######.#############
......goo@$............#
###.######.###########.#
#.# #.# #.# #.# #.# #.#
#.# #.# ..# #.#
####################.###
#......†.......)).......


You could see 2 orcs and a goblin.

Vanquished Creatures
  An orc priest (D:3)
  An orc wizard (D:3)
  4 gnolls (D:3)
  An adder (D:3)
  3 worms
  2 dart slugs
  7 orcs
  2 bats (D:1)
  6 endoplasms
  3 giant cockroaches
  4 hobgoblins
  6 jackals
  A quokka (D:1)
  7 ball pythons
  2 frilled lizards
  6 goblins
  5 kobolds
  6 rats
67 creatures vanquished.

Notes
Turn   | Place    | Note
-------+----------+-------------------------------------------
     0 | D:1      | CryoSword the Formicid Fighter began the quest for the Orb.
     0 | D:1      | Reached XP level 1. HP: 18/18 MP: 1/1
   167 | D:1      | Reached XP level 2. HP: 24/24 MP: 2/2
   309 | D:1      | Reached XP level 3. HP: 29/29 MP: 3/3
   447 | D:1      | Found a faded altar of an unknown god.
   937 | D:1      | Reached skill level 1 in Necromancy
  1162 | D:2      | Reached XP level 4. HP: 35/35 MP: 4/4
  1888 | D:3      | Reached XP level 5. HP: 33/41 MP: 5/5
  2128 | D:3      | HP: 1/41 [orc/+0 trident (3)]
  2131 | D:3      | Slain by an orc

Illustrated notes

Levels and vault maps discovered:
D:1:      minmay_arrival_four_loops, layout_loops_corners,
          hellmonk_ecumenical_altar_inner_sanctum
D:2:      layout_rooms, guppyfry_early_orc_mine
D:3:      layout_basic, biasface_ghost_orc_armoury,
          chequers_serial_rivers_small_a

Skill      XL: |  1  2  3  4  5 |
---------------+----------------+-----
Polearms       | 3 4 |  4.9
Necromancy     | 1 2 |  2.4
Fighting       | |  3.2
Armour         | |  3.2
Shields        | |  4.0

Action                     |  1- 3 |  4- 6 || total
---------------------------+-------+-------++-------
  Melee: Trident           |   104 |    78 ||   182
         Whip              |       |    39 ||    39
    Use: Scroll            |     1 |       ||     1
         Potion            |       |     1 ||     1
 Armour: Scale mail        |    29 |    26 ||    55
  Dodge: Dodged            |    31 |    41 ||    72
  Block: Buckler           |    23 |    22 ||    45

Table legend: (Time is in decaauts)
 A = Elapsed time spent in this place.
 B = Non-inter-level travel time spent in this place.
 C = Inter-level travel time spent in this place.
 D = Time resting spent in this place.
 E = Time spent auto-exploring this place.
 F = Levels seen in this place.
 G = Mean time per level.
                   A        B        C        D        E       F      G
               +--------+--------+--------+--------+--------+-----+--------+
         Total |   2166 |   2125 |     41 |     19 |   1643 |   3 |  722.0 |
       Dungeon |   2166 |   2125 |     41 |     19 |   1643 |   3 |  722.0 |
               +--------+--------+--------+--------+--------+-----+--------+

Top non-repeatable levels by time:
     D:1: 1023 daAuts
     D:3: 579 daAuts
     D:2: 564 daAuts
